Map: [G8] Dragon Scales

Players

Oliveira

  • Race: Terran Terran
  • Spawn Location: 11:00

Reynor - Winner!

  • Race: Zerg Zerg
  • Spawn Location: 5:00

Event: Gamers8 2023

VOD

Have the link to the VOD?

Description

Time

  • Played on: Aug. 3, 2023, 12:11 p.m.
  • Length: 9:37

All games in this series

Show
View Real Time Build Order
Export as new Build Order

Oliveira Terran 

Build Orders: Reaper Expand, Hellion Banshee 

Get SALT Encoding   

  12  0:00  SCV  
  13  0:12  SCV  
  14  0:17  Supply Depot  
  14  0:24  SCV  
  15  0:39  SCV  
  15  0:40  Barracks  
  16  0:46  Refinery  
  16  0:51  SCV  
  17  1:03  SCV  
  18  1:15  SCV  
  19  1:28  Orbital Command  
  19  1:29  Reaper  
  20  1:40  Command Center  
  20  1:49  Supply Depot  
  20  1:54  SCV  
  21  2:00  Marine  
  22  2:06  SCV  
  23  2:13  Factory  
  23  2:18  SCV  
  24  2:23  Barracks Reactor  
  24  2:31  SCV  
  25  2:43  Command Center, SCV  
  26  2:53  Orbital Command  
  26  2:55  SCV  
  27  3:02  Starport  
  27  3:07  SCV  
  27  3:12  Hellion x2  
  32  3:13  Barracks Tech Lab  
  32  3:18  Refinery  
  32  3:20  SCV  
  32  3:21  SCV  
  34  3:32  SCV  
  34  3:33  SCV  
  36  3:34  Hellion  
  36  3:35  Hellion  
  40  3:43  Marine  
  40  3:44  SCV  
  40  3:45  SCV  
  40  3:47  Banshee  
  46  3:55  Orbital Command  
  46  3:57  SCV  
  46  3:59  Hellion x2  
  46  4:00  SCV  
  52  4:04  Barracks Tech Lab  
  52  4:09  SCV  
  53  4:11  Supply Depot  
  53  4:13  SCV  
  54  4:23  Hellion x2  
  58  4:24  SCV x2  
  58  4:26  SCV  
  61  4:33  Raven  
  61  4:34  Supply Depot  
  61  4:35  Stimpack  
  61  4:36  Marine, SCV  
  61  4:38  SCV x2  
  67  4:49  SCV  
  67  4:50  Factory Reactor  
  67  4:51  Barracks  
  68  4:53  Barracks, SCV  
  68  4:57  Supply Depot  
  68  4:58  Engineering Bay x2  
  69  5:01  Refinery, Orbital Command  
  69  5:02  Refinery  
  69  5:03  SCV  
  69  5:04  Marine  
  71  5:10  SCV  
  72  5:15  SCV  
  72  5:17  Starport Reactor  
  73  5:22  SCV  
  73  5:27  Marine, Barracks  
  73  5:28  SCV  
  76  5:29  Barracks  
  76  5:31  SCV  
  76  5:33  Terran Infantry Armor Level 1, Terran Infantry Weapons Level 1  
  76  5:34  SCV  
  78  5:39  Marine x2  
  78  5:41  Supply Depot  
  78  5:42  SCV  
  81  5:47  Marine x2  
  81  5:48  SCV  
  81  5:49  SCV  
  82  5:57  Marine x2  
  82  5:59  Marine  
  82  6:02  SCV  
  82  6:03  Siege Tank, SCV  
  88  6:04  Medivac, Marine  
  88  6:06  SCV  
  88  6:07  Supply Depot  
  88  6:08  Marine  
  93  6:13  Medivac  
  93  6:15  Marine x2, Supply Depot  
  93  6:17  Marine x2  
  98  6:22  Armory  
  98  6:23  Marine  
  96  6:27  SCV x2  
  96  6:29  SCV  
  96  6:31  Marine  
  100  6:33  Combat Shield  
  100  6:34  Marine  
  100  6:37  Marine x2  
  102  6:40  Siege Tank  
  102  6:42  Marine  
  102  6:43  Marine  
  102  6:44  Marine  
  108  6:48  SCV x2  
  108  6:49  Marine  
  108  6:50  SCV  
  108  6:54  Supply Depot  
  112  6:55  Marine  
  112  6:56  Marine  
  114  7:05  Marine  
  116  7:08  SCV  
  116  7:09  Marine  
  116  7:15  Marine x2  
  119  7:18  Marine x2  
  119  7:20  Marine  
  119  7:21  Siege Tank  
  119  7:22  Medivac x2, Marine  
  123  7:23  SCV  
  123  7:26  Marine  
  118  7:34  SCV x2  
  120  7:37  Marine  
  120  7:38  Marine  
  120  7:39  Barracks Tech Lab x2  
  120  7:43  Marine x2, Supply Depot x2  
  122  7:47  SCV  
  122  7:49  Marine, Supply Depot  
  118  7:52  Medivac  
  118  7:55  Marine x2  
  112  7:59  Marauder x2, Concussive Shells  
  112  8:00  Marine  
  112  8:02  SCV  
  112  8:04  SCV  
  119  8:09  Siege Tank, Barracks  
  119  8:10  Barracks  
  119  8:11  Marauder, Marine  
  119  8:12  Barracks  
  114  8:14  SCV  
  114  8:15  Marine  
  114  8:18  SCV  
  117  8:20  Marine  
  117  8:24  Marauder, Marine x2  
  122  8:27  Refinery  
  122  8:31  Marine  
  122  8:32  Marine  
  122  8:33  SCV x2  
  126  8:35  Supply Depot  
  126  8:36  SCV  
  126  8:39  Marine x2  
  129  8:42  Marauder  
  129  8:43  Medivac  
  129  8:46  Marauder  
  130  8:53  Marine x2  
  130  8:54  Marauder  
  100  8:57  Marine x2  
  90  9:03  Marauder  
  90  9:07  Marauder  
  90  9:08  Marine x2  
  94  9:15  Marauder  
  85  9:17  Marine  
Show
View Real Time Build Order
Export as new Build Order

Reynor Zerg - Winner!

Build Orders: Hatch First 

Get SALT Encoding   

  12  0:00  Drone  
  13  0:12  Overlord  
  13  0:16  Drone  
  14  0:30  Drone x2  
  16  0:48  Hatchery  
  15  0:50  Drone  
  15  0:54  Drone  
  15  0:56  Drone  
  18  1:07  Extractor  
  17  1:12  Spawning Pool  
  17  1:15  Drone  
  17  1:18  Drone  
  18  1:27  Drone  
  19  1:38  Drone  
  20  1:48  Overlord  
  20  1:59  Queen x2  
  20  2:00  Zergling x4  
  26  2:10  Drone x2  
  28  2:21  Drone x2  
  30  2:27  Hatchery  
  29  2:33  Drone x2  
  31  2:40  Metabolic Boost  
  31  2:44  Drone  
  32  2:46  Overlord  
  32  2:53  Drone  
  32  2:54  Drone  
  32  2:57  Queen  
  36  3:04  Drone  
  36  3:05  Drone  
  38  3:07  Queen  
  40  3:13  Drone  
  40  3:14  Drone  
  40  3:16  Overlord  
  40  3:18  Drone  
  40  3:19  Drone  
  44  3:25  Overlord  
  44  3:34  Queen  
  44  3:35  Drone  
  44  3:36  Drone  
  44  3:38  Drone  
  44  3:39  Queen  
  44  3:41  Drone  
  52  3:46  Queen  
  54  3:49  Drone x2  
  54  3:50  Drone  
  54  3:55  Extractor  
  56  3:58  Zergling x4  
  56  4:00  Overlord  
  59  4:04  Drone  
  59  4:07  Drone x2  
  59  4:09  Queen  
  62  4:10  Drone x2  
  66  4:18  Queen  
  66  4:19  Overlord  
  66  4:20  Drone  
  66  4:21  Drone  
  70  4:25  Overlord  
  70  4:38  Zergling x8  
  74  4:40  Overlord  
  74  4:43  Overlord  
  74  4:44  Drone x2  
  76  4:49  Drone x4  
  79  4:53  Drone x2  
  79  4:55  Spore Crawler  
  79  4:56  Spore Crawler, Overlord  
  79  4:57  Drone x2  
  79  4:59  Drone x2  
  83  5:00  Spore Crawler  
  83  5:05  Evolution Chamber, Drone x2  
  83  5:06  Evolution Chamber  
  82  5:12  Drone  
  83  5:14  Drone x2  
  83  5:18  Drone x2  
  86  5:22  Hatchery  
  86  5:23  Drone  
  86  5:24  Drone x3  
  86  5:27  Overlord  
  88  5:30  Drone  
  88  5:35  Zerg Ground Armor Level 1, Zerg Missile Weapons Level 1  
  88  5:38  Extractor  
  88  5:39  Extractor, Zergling x12  
  88  5:42  Overlord  
  92  5:45  Drone  
  92  5:49  Lair  
  93  5:50  Drone  
  93  5:53  Drone x4  
  93  5:54  Overlord  
  98  5:58  Drone  
  98  5:59  Drone x2  
  98  6:02  Drone  
  94  6:04  Drone  
  94  6:05  Drone  
  94  6:06  Overlord  
  94  6:14  Extractor, Drone x3  
  94  6:16  Overlord, Roach Warren  
  94  6:17  Drone  
  96  6:19  Extractor  
  96  6:20  Extractor  
  94  6:30  Zergling x6  
  95  6:38  Overlord x2  
  99  7:01  Roach x12  
  99  7:02  Extractor  
  99  7:06  Roach x4  
  99  7:07  Glial Reconstitution  
  128  7:09  Roach  
  128  7:12  Roach  
  128  7:13  Overlord  
  128  7:15  Roach x3  
  137  7:19  Roach x3  
  137  7:21  Overlord  
  139  7:23  Overlord  
  139  7:29  Roach x4  
  134  7:34  Roach x2  
  138  7:38  Extractor  
  138  7:40  Roach  
  138  7:41  Roach x3  
  138  7:43  Roach  
  147  7:52  Roach x2  
  147  7:54  Roach x4  
  157  8:00  Roach  
  157  8:02  Hatchery  
  157  8:05  Overlord  
  158  8:07  Roach x2  
  162  8:13  Zergling x12  
  162  8:16  Zergling x2  
  162  8:17  Ravager x4  
  162  8:18  Zergling x4  
  162  8:19  Ravager  
  176  8:25  Overlord  
  176  8:27  Ravager  
  176  8:28  Ravager  
  176  8:29  Zergling x4  
  180  8:35  Ravager  
  180  8:37  Roach  
  180  8:39  Roach  
  185  8:41  Zergling x2  
  185  8:43  Overlord x2  
  172  8:50  Roach x2, Zergling x10  
  151  8:57  Roach x3  
  157  9:05  Roach  
  157  9:08  Roach  
  157  9:09  Ravager x3  
  164  9:11  Roach x2, Zergling x2  
  164  9:13  Overlord  
  164  9:15  Roach x2, Zergling x2  
  174  9:19  Drone  
  174  9:20  Drone  
Tags
 
Add a new tag
Caveats
  • Supply blocks, unpowered buildings, or Contaminate may cause inaccurate times.
  • Supply counts are checked every 10 seconds.